 Dungeon Crawl Stone Soup version 0.31-a0-692-gf03d1854d5 (webtiles) character file.

Game seed: 4186076350701943316

1431277 AarnesTheHuman the Conqueror (level 26, 266/266 HPs)
             Began as a Minotaur Berserker on Oct 29, 2022.
             Was the Champion of Trog.
             Escaped with the Orb
             ... and 3 runes on Sept 7, 2023!
             The game lasted 03:57:14 (98151 turns).

AarnesTheHuman the Conqueror (Minotaur Berserker)  Turns: 98151, Time: 03:57:14

Health: 266/266    AC: 51    Str: 29 (30) XL:     26   Next: 41%
Magic:  7/7        EV: 20    Int: 12      God:    Trog [******]
Gold:   2317       SH: 17    Dex: 22      Spells: 25/25 levels left

rFire   + + +        a - +9 broad axe (antimagic)
rCold   + + +        m - +3 buckler of Infinity {Will+++ rCorr Int+3 Stlth-}
rNeg    + + .        Z - +9 gold dragon scales of Divine Freedom {rPois rF+ rC+ Slay+5}
rPois   +            y - +0 hat "Defiaka" {-Cast rC+ rN++ Dex+2}
rElec   +            V - scarf of the Teacher {+Inv, rPois Str+2 Int+5}
rCorr   +            O - +3 pair of gloves of the Fiend {rF+}
SInv    .            x - +2 pair of boots {Fly}
Will    ++++.        o - amulet of reflection Stlth
                     l - ring "Defiuqu" {rPois rF+ rC+}
HPRegen 0.64/turn    j - ring of Tighap Kein {rElec rPois AC+4 Stlth+}
MPRegen 0.10/turn

%: no spellcasting, reflection
@: flying, studying Stealth
A: horns 2, retaliatory headbutt, claws 1, iridescent scales 1, agile 1,
deterioration 2, strong 1, inability to read after injury 1
0: Orb of Zot
}: 3/15 runes: decaying, serpentine, silver
a: Renounce Religion, Evoke Invisibility, Berserk, Trog's Hand, Brothers in Arms


You escaped.
You worshipped Trog.
Trog was exalted by your worship.
You visited 9 branches of the dungeon, and saw 47 of its levels.
You also visited: Bailey and Desolation.

You collected 6821 gold pieces.
You spent 4504 gold pieces at shops.

Inventory:

Hand Weapons
 a - a +9 antimagic broad axe (weapon)
 b - the +8 broad axe of the Vanishing Princes {flame, Fly Dex-5 SInv}
   (Trog gifted it to you on level 4 of the Snake Pit)

   Dex-5:     It affects your dexterity (-5).
   SInv:      It lets you see invisible.
   Fly:       It grants you flight.
 W - a +9 heavy broad axe
Missiles
 z - 3 throwing nets
 A - 76 poisoned darts
Armour
 m - the +3 buckler of Infinity (worn) {Will+++ rCorr Int+3 Stlth-}
   (You found it on level 2 of the Dungeon)

   Int+3:     It affects your intelligence (+3).
   Will+++:   It greatly increases your willpower.
   rCorr:     It protects you from acid and corrosion.
   Stlth-:    It makes you less stealthy.
 x - a +2 pair of boots of flying (worn)
 y - the +0 hat "Defiaka" (worn) {-Cast rC+ rN++ Dex+2}
   (You found it on level 3 of the Elven Halls)

   Dex+2:     It affects your dexterity (+2).
   rC+:       It protects you from cold.
   rN++:      It greatly protects you from negative energy.
   -Cast:     It prevents spellcasting.
 O - the +3 pair of gloves of the Fiend (worn) {rF+}
   (You found it on level 4 of the Realm of Zot)

   rF+:       It protects you from fire.
 V - the scarf of the Teacher (worn) {+Inv, rPois Str+2 Int+5}
   (You acquired it on level 4 of the Realm of Zot)

   Str+2:     It affects your strength (+2).
   Int+5:     It affects your intelligence (+5).
   rPois:     It protects you from poison
 Z - the +9 gold dragon scales of Divine Freedom (worn) {rPois rF+ rC+ Slay+5}
   (You found it on level 3 of the Elven Halls)

   Slay+5:    It affects your accuracy & damage with ranged weapons and melee
   (+5).
   rF+:       It protects you from fire.
   rC+:       It protects you from cold.
   rPois:     It protects you from poison
Jewellery
 c - the ring "Rucuif" {rC++ MP+9 AC+4}
   (You bought it in a shop on level 1 of the Snake Pit)

   [ring of protection]

   AC+4:      It affects your AC (+4).
   rC++:      It greatly protects you from cold.
   MP+9:      It affects your magic capacity (+9).
 j - the ring of Tighap Kein (right hand) {rElec rPois AC+4 Stlth+}
   (You bought it in a shop on level 1 of the Vaults)

   [ring of protection]

   AC+4:      It affects your AC (+4).
   rElec:     It insulates you from electricity.
   rPois:     It protects you from poison Stlth+: It makes you more stealthy.
 l - the ring "Defiuqu" (left hand) {rPois rF+ rC+}
   (You found it in the Desolation of Salt)

   [ring of protection from cold]

   rF+:       It protects you from fire.
   rC+:       It protects you from cold.
   rPois:     It protects you from poison
 o - an amulet of reflection (around neck)
 N - a ring of willpower
 S - a ring of positive energy
 U - the ring of Gozag's Respect {rPois Will++ rCorr Dex+4}
   (You found it on level 15 of the Dungeon)

   [ring of poison resistance]

   Dex+4:     It affects your dexterity (+4).
   rPois:     It protects you from poison Will++: It greatly increases your
   willpower.
   rCorr:     It protects you from acid and corrosion.
Wands
 g - a wand of mindburst (7)
 v - a wand of light (7)
 C - a wand of charming (31)
 G - a wand of digging (4)
 L - a wand of flame (21) (quivered)
 T - a wand of iceblast (20)
Scrolls
 d - 9 scrolls of vulnerability
 f - 6 scrolls of fear
 q - 22 scrolls of teleportation
 s - 9 scrolls of butterflies
 w - a scroll of fog
 B - 6 scrolls of revelation
 H - a scroll of torment
 M - 5 scrolls of blinking
 P - 3 scrolls of silence
 Q - 2 scrolls of immolation
 X - 4 scrolls of summoning
 Y - 4 scrolls of poison
Potions
 e - 18 potions of curing
 h - 8 potions of mutation
 i - 2 potions of enlightenment
 k - 7 potions of attraction
 n - 7 potions of heal wounds
 p - 6 potions of haste
 r - 2 potions of invisibility
 t - 5 potions of resistance
 u - 6 potions of cancellation
 D - 8 potions of might
 E - 6 potions of ambrosia
 R - 8 potions of lignification
Miscellaneous
 F - a phantom mirror
 I - a box of beasts
 J - a tin of tremorstones (2/2)
 K - a condenser vane


   Skills:
 O Level 27 Fighting
 O Level 27 Axes
 - Level 9.0 Ranged Weapons
 + Level 26.8 Armour
 + Level 21.0 Dodging
 - Level 15.0 Shields
 - Level 18.0 Evocations


You had 25 spell levels left.
You didn't know any spells.
Your spell library was empty.

Dungeon Overview and Level Annotations

Branches:
Dungeon (15/15)            Temple (0/1) D:5            Lair (5/5) D:10
  Swamp (4/4) Lair:2        Snake (4/4) Lair:3        Slime (0/5) Lair:4
    Orc (2/2) D:9             Elf (3/3) Orc:2        Vaults (5/5) D:13
  Crypt (0/3) Vaults:2     Depths (4/4) D:15            Zot (5/5) Depths:4
 Bailey (visited)         Desolation (visited)

Altars:
Ashenzari
Cheibriados
Elyvilon
Kikubaaqudgha
Nemelex Xobeh
Qazlal
Sif Muna
Trog
Uskayaw
Wu Jian
Yredelemnul
Jiyva
Lugonu

Shops:
D:5 *   D:6 ?   D:8 *   Orc:2 *[[((   Elf:1 (   Elf:3 =   Snake:1 =:=*
Snake:3 (*   Vaults:1 =[[(=   Vaults:3 :   Vaults:4 (   Vaults:5 !   Depths:2 (
Depths:4 :*

Portals:
Hell: Depths:1 Depths:2 Depths:3 Depths:4
Abyss: Lair:5 Depths:3 Depths:4
Pandemonium: Depths:1 Depths:2 Depths:4
Ziggurat: Depths:2
Trove: D:11 (give +3 shadow dragon scales)

Annotations:
D:2 1 runed translucent door, Crazy Yiuf
D:14 exclusion: downstairs, Roxanne
Lair:1 1 runed translucent door, Jecraria's ghost, journeyman HuIE
Lair:3 exclusion: downstairs
Lair:4 exclusion: downstairs
Snake:1 1 runed translucent door, exclusion: door
Snake:3 exclusion: downstairs
Elf:1 exclusion: downstairs
Elf:2 3 runed translucent doors, exclusion: 3 doors
Vaults:2 exclusion: downstairs
Vaults:4 exclusion: downstairs
Depths:1 exclusion: 3 downstairs
Depths:2 exclusion: 4 downstairs
Depths:3 exclusions: 2 Tzitzimimeh and downstairs
Zot:2 2 transporters, Biehaig's ghost, legendary MiFi
Zot:3 exclusion: 2 downstairs


Innate Abilities, Weirdness & Mutations

You have a pair of horns on your head.
You reflexively headbutt those who attack you in melee.
You have sharp fingernails.
You are partially covered in iridescent scales. (AC +2)
You are agile. (Dex +4, Str/Int -1)
Your body often deteriorates upon taking damage.
Your muscles are strong. (Str +4, Int/Dex -1)
You occasionally lose the ability to read scrolls when taking damage.


Message History

There is an open door here.
There is a stone staircase leading up here.
You fly upwards.
There is a stone staircase leading down here.
There is a stone staircase leading up here.
You fly upwards.
There is a stone staircase leading down here.
There is a stone staircase leading up here.
You fly upwards.
There is a stone staircase leading down here.
There is a stone staircase leading up here.
You fly upwards.
Level annotation: 1 runed translucent door, Crazy Yiuf A sixfirhy comes into view.
There is a stone staircase leading down here.
The sixfirhy hits you but does no damage.
You slash the sixfirhy!
The sixfirhy is moderately wounded.
You block the sixfirhy's attack. The sixfirhy misses you.
You block the sixfirhy's attack.
You miss the sixfirhy. Your headbutt misses the sixfirhy.
The sixfirhy is moderately wounded.
The sixfirhy barely misses you. You furiously retaliate!
You headbutt the sixfirhy. The sixfirhy barely misses you.
The sixfirhy hits you but does no damage.
You slice the sixfirhy!!
You kill the sixfirhy!
Trog accepts your kill.
No target in view!
What level of the Dungeon? (default 1, ? - help)
There is a stone staircase leading up here.
You fly upwards.
There is a stone staircase leading down here.
There is an open door here.
There is an open door here.
An ice devil comes into view.
There is an open door here.
There is an open door here.
There is a staircase leading out of the dungeon here.
You have escaped!

######........≈##+####'####'## #
............##≈≈#.#....4..#.# #
..............≈≈#.#...8...#.# #
............#.≈≈#.4.#####.'.# #
............#.≈≈#.#...8...#.# #
............+.≈≈#.#.......#.# #
............#.≈##'####+####'## #
######'######.≈#..'.......'..# #
#.# #.≈#@.####'####.># #
#.######.≈####≈≈≈.≈≈≈####
######........≈≈≈≈≈≈≈≈.≈≈≈≈≈≈≈
.......##############..########
..............................##
.......####....................#
..........'....................#
.......#..#....................#
.......#..#.........÷..........#


You could see an ice devil.

Vanquished Creatures
  6 dread liches
  6 ancient liches
  4 orbs of fire
  A juggernaut (Depths:2)
  6 Killer Klowns
  Saint Roka (Snake:4)
  the Lernaean hydra (Swamp:4)
  Xtahua (Vaults:3)
  The ghost of Bnni the Phalangite, a veteran FoFi of Yredelemnul (Elf:3)
  The ghost of Esuss the Lord of Darkness, a veteran DsNe of Kikubaaqudgha (Vaults:2)
  4 curse toes
  Vashnia (Snake:2)
  14 golden dragons
  A bone dragon (Depths:4)
  2 electric golems (Zot:5)
  A walking crystal tome (Depths:4)
  A Hell Sentinel (Depths:1)
  Rupert (Lair:3)
  17 tentacled monstrosities
  4 liches
  26 Orb Guardians
  2 deep elf blademasters (Elf:3)
  2 deep elf master archers (Elf:3)
  4 titans
  6 quicksilver dragons
  4 acid blobs (Zot:2)
  13 death cobs
  11 sphinxes
  3 Executioners
  9 draconian monks
  6 tengu reavers
  14 shadow dragons
  11 storm dragons
  2 azure jellies (Elf:2)
  10 fire giants
  4 nagarajas (Snake:4)
  6 ghost moths
  5 draconian knights
  6 frost giants
  3 deep elf sorcerers (Elf:3)
  13 draconian scorchers
  5 imperial myrmidons (Desolation)
  2 balrugs
  2 iron dragons
  3 draconian shifters
  Louise (D:14)
  16 vault wardens
  6 draconian stormcallers
  4 orc warlords (Vaults:4)
  19 ironbound preservers
  2 quicksilver oozes
  5 draconian annihilators
  29 very ugly things
  3 spriggan defenders
  4 deep elf elementalists (Elf:3)
  A quicksilver ooze (shapeshifter) (Vaults:5)
  A reaper (Depths:1)
  15 stone giants
  7 ironbound thunderhulks
  A vampire knight (Depths:2)
  4 deep elf annihilators (Elf:3)
  2 war gargoyles
  11 deep elf demonologists
  Azrael (D:12)
  10 black draconians
  17 green draconians
  12 red draconians
  15 purple draconians
  A halazid warlock (Desolation)
  32 yellow draconians
  4 eleionomae
  8 bunyips
  2 spark wasps (Depths:2)
  7 dire elephants
  11 white draconians
  2 quicksilver dragon zombies (Depths:3)
  2 crystal guardians (Desolation)
  A merfolk javelineer (Depths:2)
  14 ettins
  4 deep elf death magi
  A shambling mangrove (Swamp:4)
  2 deep elf high priests (Elf:3)
  6 fire dragons
  7 great orbs of eyes
  3 rakshasas
  Harold (D:10)
  13 yaktaur captains
  4 ice dragons
  A salamander tyrant (Snake:4)
  8 peacekeepers
  A hell beast (Depths:1)
  5 servants of whispers
  21 hydras
  33 vault guards
  3 ragged hierophants (Desolation)
  6 spriggan air magi
  2 ghost crabs (Swamp:2)
  10 ironbound frosthearts
  2 ogre magi (Vaults:5)
  11 two-headed ogres
  11 boulder beetles
  Erica (D:8)
  14 dancing weapons
  11 alligators
  7 anacondas
  21 centaur warriors
  5 deep troll earth magi
  13 naga warriors
  A vampire mage (Depths:2)
  4 tengu warriors (Depths:2)
  2 thrashing horrors (Lair:5)
  4 spriggan berserkers
  4 orc high priests
  15 naga sharpshooters
  6 shock serpents
  A soul eater (Depths:2)
  4 sun demons (Zot:3)
  4 deep elf knights
  Nergalle (D:12)
  5 iron trolls
  A storm dragon zombie (Depths:3)
  Amaemon (Lair:2)
  17 hell knights
  A sixfirhy (D:2)
  3 salamander mystics (Snake:4)
  A skeletal warrior (Depths:2)
  46 deep trolls
  5 goliath frogs
  A cherub (D:15)
  4 sea snakes (Snake:4)
  4 deep elf archers
  5 naga ritualists
  3 glowing orange brains (Depths:2)
  3 bog bodies
  A shadow demon (Depths:2)
  6 wizards
  An obsidian statue (Zot:5)
  3 phantasmal warriors
  A flayed ghost (Vaults:5)
  16 ironbound convokers
  A quicksilver dragon simulacrum (Depths:1)
  14 lindwurms
  20 deep elf zephyrmancers
  14 orc knights
  10 swamp dragons
  A harpy (shapeshifter) (Lair:5)
  24 deep elf pyromancers
  2 iron dragon zombies (Depths:3)
  5 necromancers
  Pikel (D:6)
  6 harpies
  A fire giant zombie (Depths:3)
  2 manticores (D:14)
  A mana viper (shapeshifter) (Vaults:5)
  5 oklob plants
  6 salamanders
  13 mana vipers
  9 orc sorcerers
  60 ugly things
  5 cyclopes
  2 fauns (shapeshifter)
  11 guardian serpents
  4 elephants
  A water nymph (shapeshifter) (Depths:1)
  31 moths of wrath
  19 naga magi
  47 black mambas
  2 frost giant skeletons (Depths:3)
  3 smoke demons (Lair:5)
  A torpor snail (Lair:3)
  A molten gargoyle (Desolation)
  30 vault sentinels
  2 gargoyles
  16 cane toads
  An orange demon (Lair:2)
  A hellion (Depths:3)
  An unseen horror (D:12)
  4 rime drakes
  3 efreet
  2 freezing wraiths (Vaults:4)
  11 komodo dragons
  45 yaktaurs
  5 tengu conjurers
  2 ancient zymes (Lair:5)
  A red devil (Depths:2)
  7 trolls
  A hellwing (D:15)
  A blink frog (shapeshifter) (Vaults:3)
  2 polar bears
  28 blink frogs
  43 saltlings
  14 tyrant leeches
  5 hornets
  18 slime creatures
  Grinder (D:5)
  Prince Ribbit (Lair:1)
  A jumping spider (shapeshifter) (Vaults:4)
  5 large abominations
  6 spriggans
  3 centaur simulacra (D:15)
  3 air elementals
  2 ynoxinuls
  2 shadows
  2 wyverns
  6 water elementals
  A vampire (D:11)
  8 fire elementals
  2 wraiths
  3 basilisks
  47 yaks
  2 steam dragons
  A redback (shapeshifter) (Depths:2)
  3 chaos spawn
  11 small abominations (Lair:5)
  25 vampire mosquitoes
  49 nagas
  14 swamp worms
  4 wargs (Orc:1)
  12 water moccasins
  2 hell hounds (D:12)
  7 swamp drakes (Swamp:4)
  3 black bears
  44 orc warriors
  2 ice beasts
  A sky beast (D:7)
  6 ogres
  A boggart (Vaults:1)
  2 lemures (D:6)
  20 centaurs
  A phantom (D:3)
  4 kobold brigands
  10 bullfrogs
  A bullfrog (shapeshifter) (Vaults:5)
  4 gnoll sergeants (D:9)
  7 wights
  20 killer bees
  4 howler monkeys
  2 electric eels (Lair:4)
  22 orc priests
  2 hounds
  20 jellies
  2 iguanas
  21 orc wizards
  14 adders
  7 gnolls
  A white imp (D:8)
  An ufetubus (D:5)
  A worm (D:2)
  6 dart slugs
  69 orcs
  10 endoplasms
  4 giant cockroaches
  6 goblins
  8 hobgoblins
  4 jackals (D:2)
  2 quokkas
  3 ball pythons
  3 bats
  4 frilled lizards
  15 kobolds
  4 rats
  A butterfly (Lair:2)
2067 creatures vanquished.

Vanquished Creatures (collateral kills)
  A vault warden (Vaults:3)
  A naga sharpshooter (Snake:2)
  A saltling (Desolation)
  A small abomination (Lair:5)
4 creatures vanquished.

Vanquished Creatures (others)
  A draconian monk (Zot:3)
  2 alligators
  A vault sentinel (Vaults:2)
  A tyrant leech (Swamp:4)
  2 bloated husks
  A water elemental (Elf:1)
  An orc warrior (Snake:4)
  An orc (Orc:1)
10 creatures vanquished.

Grand Total: 2081 creatures vanquished

Notes
Turn   | Place    | Note
-------+----------+-------------------------------------------
     0 | D:1      | AarnesTheHuman the Minotaur Berserker began the quest for
                  | the Orb.
     0 | D:1      | Reached XP level 1. HP: 19/19 MP: 0/0
   141 | D:1      | Reached XP level 2. HP: 27/27 MP: 1/1
   786 | D:2      | Reached XP level 3. HP: 33/33 MP: 2/2
   839 | D:2      | Found a faded altar of an unknown god.
   842 | D:2      | Reached ** piety under Trog
   849 | D:2      | Identified the +3 buckler of Infinity {Will+++ rCorr Int+3
                  | Stlth-}
   967 | D:2      | Found a runed translucent door.
   968 | D:2      | Noticed Crazy Yiuf
   995 | D:2      | Reached skill level 1 in Shields
   995 | D:2      | Reached XP level 4. HP: 14/40 MP: 3/3
  1644 | D:3      | Identified a scroll of acquirement
  1644 | D:3      | Acquired the +6 acid dragon scales of Peek-a-Boo {rCorr
                  | Str+3 Slay+4}
  2283 | D:4      | Reached *** piety under Trog
  2284 | D:4      | Reached XP level 5. HP: 40/47 MP: 4/4
  2322 | D:4      | Acquired the +4 battleaxe of the Pyrrhic Victory {vorpal,
                  | rF+ Stlth+}
  2492 | D:4      | Reached skill level 1 in Ranged Weapons
  2538 | D:4      | Noticed a phantom
  2555 | D:3      | Killed a phantom
  2556 | D:3      | Reached skill level 5 in Fighting
  2556 | D:3      | Reached skill level 5 in Axes
  2556 | D:3      | Reached XP level 6. HP: 56/56 MP: 5/5
  2943 | D:4      | Found a sparkling altar of Nemelex Xobeh.
  3055 | D:5      | Entered Level 5 of the Dungeon
  3070 | D:5      | Found Ytum's General Store.
  3079 | D:5      | Bought a scarf of repulsion for 180 gold pieces
  3154 | D:5      | Found a staircase to the Ecumenical Temple.
  3217 | D:5      | Found a bloodstained altar of Trog.
  3398 | D:5      | Reached XP level 7. HP: 40/62 MP: 6/6
  3542 | D:5      | Noticed Grinder
  3550 | D:5      | Killed Grinder
  3936 | D:5      | Reached skill level 5 in Shields
  3936 | D:5      | Reached XP level 8. HP: 70/70 MP: 7/7
  4117 | D:6      | Reached skill level 5 in Ranged Weapons
  4151 | D:6      | Noticed Pikel
  4163 | D:6      | Killed Pikel
  4185 | D:6      | Found Wumao's Magic Scroll Shoppe.
  4897 | D:7      | Found a shimmering blue altar of Sif Muna.
  4920 | D:7      | Reached XP level 9. HP: 81/81 MP: 8/8
  4938 | D:7      | Reached **** piety under Trog
  5166 | D:7      | Found a flagged portal.
  5175 | Bailey   | Entered a bailey
  5484 | Bailey   | Reached skill level 10 in Axes
  5575 | Bailey   | Reached skill level 10 in Fighting
  5917 | Bailey   | Reached skill level 5 in Armour
  6169 | Bailey   | Reached skill level 5 in Dodging
  6169 | Bailey   | Reached XP level 10. HP: 65/93 MP: 9/9
  7305 | D:7      | Found a hide-covered altar of Uskayaw.
  8136 | D:8      | Noticed Erica
  8353 | D:8      | Killed Erica
  8638 | D:8      | Found Nejuiq's Assorted Antiques.
  8974 | D:9      | Identified the +3 leather armour of Jogetuuk {rElec Will+
                  | Dex+4}
  9084 | D:9      | Found a snail-covered altar of Cheibriados.
  9214 | D:9      | Found a staircase to the Orcish Mines.
  9856 | D:9      | Reached XP level 11. HP: 78/102 MP: 10/10
 10063 | D:9      | Noticed a two-headed ogre
 10071 | D:9      | Killed a two-headed ogre
 10318 | D:10     | Entered Level 10 of the Dungeon
 10354 | D:10     | Noticed Harold
 10363 | D:10     | Killed Harold
 10537 | D:10     | Found a staircase to the Lair.
 10567 | D:9      | Upgraded the game from 0.30-a0-330-g8f2769a82d to
                  | 0.30-a0-341-g682706514a
 10569 | D:9      | Reached XP level 12. HP: 116/116 MP: 11/11
 10685 | D:10     | Noticed a two-headed ogre
 10691 | D:10     | Killed a two-headed ogre
 10802 | D:10     | Found a broken altar of Ashenzari.
 10966 | D:10     | Noticed a two-headed ogre
 10976 | D:10     | Killed a two-headed ogre
 11103 | D:10     | Found a faded altar of an unknown god.
 11103 | D:10     | Found an ancient bone altar of Kikubaaqudgha.
 11111 | D:10     | Found an ornate altar of the Wu Jian Council.
 11113 | D:10     | Found a stormy altar of Qazlal.
 11118 | D:10     | Found a white marble altar of Elyvilon.
 11572 | D:11     | Reached skill level 10 in Armour
 11574 | D:11     | Reached skill level 15 in Axes
 11576 | D:11     | Reached ***** piety under Trog
 11670 | D:11     | Noticed a two-headed ogre
 11676 | D:11     | Killed a two-headed ogre
 11677 | D:11     | Reached skill level 15 in Fighting
 11849 | D:11     | Noticed a two-headed ogre
 11856 | D:11     | Killed a two-headed ogre
 12261 | D:11     | Found a portal to a secret trove of treasure.
 12600 | Lair:1   | Entered Level 1 of the Lair of Beasts
 12987 | Lair:1   | Noticed Prince Ribbit
 12992 | Lair:1   | Killed Prince Ribbit
 13200 | D:10     | Reached XP level 13. HP: 127/128 MP: 12/12
 14301 | Lair:1   | Found the +4 robe of Augmentation {Str+4 Int+4 Dex+4}
 14305 | Lair:1   | Found a runed translucent door.
 14306 | Lair:1   | Noticed Jecraria's ghost (journeyman HuIE)
 14354 | Lair:1   | You fall into a shaft and drop 1 floor!
 14500 | Lair:2   | Identified the +7 flail of Revolt {freeze, Str+3 Int+7}
 14705 | Lair:2   | Found a staircase to the Swamp.
 15006 | Lair:2   | Noticed Amaemon
 15019 | Lair:2   | Killed Amaemon
 15510 | Lair:3   | Reached skill level 10 in Shields
 15513 | Lair:3   | Reached ****** piety under Trog
 15836 | Lair:3   | Received a gift from Trog
 16245 | Lair:3   | Found a staircase to the Snake Pit.
 16831 | Lair:4   | Reached XP level 14. HP: 113/144 MP: 13/13
 16899 | Lair:4   | Found a staircase to the Slime Pits.
 17862 | Lair:5   | Entered Level 5 of the Lair of Beasts
 18180 | Lair:5   | Found a hide-covered altar of Uskayaw.
 19942 | Lair:5   | Found a corrupted altar of Lugonu.
 19942 | Lair:5   | Found a one-way gate to the infinite horrors of the Abyss.
 20529 | Orc:1    | Entered Level 1 of the Orcish Mines
 20537 | Orc:1    | Identified the +4 war axe of Freehold {flame, rF++} (Trog
                  | gifted it to you on level 1 of the Orcish Mines)
 20537 | Orc:1    | Received a gift from Trog
 21327 | Orc:2    | Entered Level 2 of the Orcish Mines
 21609 | Orc:2    | Found a staircase to the Elven Halls.
 21628 | Orc:2    | Found Eliob's Antique Weapon Shop.
 21890 | Orc:2    | Found Osevoz Cotu's Weapon Boutique.
 21899 | Orc:2    | Found Iddoppic's Armour Shoppe.
 22393 | Orc:2    | Gained mutation: Armour fits poorly on your strangely
                  | shaped body. [a neqoxec]
 22432 | Orc:2    | Lost mutation: Armour fits poorly on your strangely shaped
                  | body. [potion of mutation]
 22432 | Orc:2    | Gained mutation: You have hidden genetic defects. [potion
                  | of mutation]
 22432 | Orc:2    | Gained mutation: You are clumsy. (Dex -2) [potion of
                  | mutation]
 22433 | Orc:2    | Lost mutation: You are clumsy. (Dex -2) [potion of
                  | mutation]
 22433 | Orc:2    | Lost mutation: You have hidden genetic defects. [potion of
                  | mutation]
 22433 | Orc:2    | Gained mutation: Your spells are a little easier to cast,
                  | but a little less powerful. [potion of mutation]
 22433 | Orc:2    | Gained mutation: You are vulnerable to heat. (rF-) [potion
                  | of mutation]
 22433 | Orc:2    | Gained mutation: You are robust. (+10% HP) [potion of
                  | mutation]
 22433 | Orc:2    | Gained mutation: You are resistant to electric shocks.
                  | (rElec) [potion of mutation]
 22570 | Orc:2    | Found Noen's General Store.
 22719 | Orc:2    | Found Ziyrom's Antique Armour Shoppe.
 22812 | Orc:2    | Bought a glowing kite shield for 202 gold pieces
 23124 | D:12     | Noticed Azrael
 23134 | D:12     | Reached XP level 15. HP: 160/170 MP: 14/14
 23144 | D:12     | Received a gift from Trog
 23146 | D:12     | Killed Azrael
 23301 | D:11     | Reached skill level 15 in Armour
 23546 | D:12     | Reached skill level 1 in Evocations
 23781 | D:12     | Identified the +4 hand axe of the Lurker {vorpal, rPois rF+
                  | rN+ Dex-2}
 23936 | D:12     | Noticed Nergalle
 23947 | D:12     | Killed Nergalle
 24643 | D:13     | Found a gate to the Vaults.
 25051 | D:14     | Noticed Louise
 25403 | D:14     | Killed Louise
 25403 | D:14     | Received a gift from Trog
 25619 | D:14     | Noticed Roxanne
 26006 | D:15     | Entered Level 15 of the Dungeon
 26370 | D:15     | Found a staircase to the Depths.
 26598 | D:15     | Reached skill level 10 in Dodging
 27045 | D:15     | Reached skill level 5 in Evocations
 27140 | D:15     | Reached XP level 16. HP: 165/181 MP: 4/15
 27149 | D:15     | Identified the ring of Gozag's Respect {rPois Will++ rCorr
                  | Dex+4}
 27496 | D:14     | Lost mutation: Your spells are a little easier to cast, but
                  | a little less powerful. [potion of mutation]
 27496 | D:14     | Lost mutation: You are resistant to electric shocks.
                  | (rElec) [potion of mutation]
 27496 | D:14     | Gained mutation: You possess an exceptional clarity of
                  | mind. [potion of mutation]
 27496 | D:14     | Gained mutation: Your body sometimes deteriorates upon
                  | taking damage. [potion of mutation]
 27496 | D:14     | Gained mutation: Your spells are a little easier to cast,
                  | but a little less powerful. [potion of mutation]
 27496 | D:14     | Gained mutation: You have sharp toenails. [potion of
                  | mutation]
 27497 | D:14     | Lost mutation: Your spells are a little easier to cast, but
                  | a little less powerful. [potion of mutation]
 27497 | D:14     | Lost mutation: You are robust. (+10% HP) [potion of
                  | mutation]
 27497 | D:14     | Lost mutation: Your body sometimes deteriorates upon taking
                  | damage. [potion of mutation]
 27497 | D:14     | Gained mutation: You are very vulnerable to heat. (rF--)
                  | [potion of mutation]
 27498 | D:14     | Lost mutation: You have sharp toenails. [potion of
                  | mutation]
 27498 | D:14     | Lost mutation: You are very vulnerable to heat. (rF--)
                  | [potion of mutation]
 27498 | D:14     | Lost mutation: You are vulnerable to heat. (rF-) [potion of
                  | mutation]
 27498 | D:14     | Gained mutation: You passively map a small area around you.
                  | [potion of mutation]
 27802 | Swamp:1  | Entered Level 1 of the Swamp
 28126 | Swamp:1  | Received a gift from Trog
 29524 | Swamp:2  | You fall into a shaft and drop 1 floor!
 29806 | Swamp:2  | Found the +7 captain's cutlass {speed, disarm}
 31312 | Swamp:4  | Entered Level 4 of the Swamp
 31719 | Swamp:4  | Received a gift from Trog
 31965 | Swamp:4  | Noticed the 27-headed Lernaean hydra
 31988 | Swamp:4  | Killed the 23-headed Lernaean hydra
 32505 | Swamp:3  | Gained mutation: Your body sometimes deteriorates upon
                  | taking damage. [mutagenic glow]
 32523 | Swamp:3  | Gained mutation: You are frail. (-10% HP) [mutagenic glow]
 32531 | Swamp:4  | Gained mutation: Your magical capacity is low. (-10% MP)
                  | [mutagenic glow]
 32544 | Swamp:4  | Gained mutation: You are weak. (Str -2) [mutagenic glow]
 32555 | Swamp:4  | Gained mutation: You have hidden genetic defects.
                  | [mutagenic glow]
 32790 | Swamp:4  | Got a decaying rune of Zot
 32977 | Swamp:4  | Reached XP level 17. HP: 160/160 MP: 14/14
 33233 | Snake:1  | Entered Level 1 of the Snake Pit
 33397 | Snake:1  | Found Nyiph's Gadget Gallery.
 33496 | Snake:1  | Gained mutation: You are occasionally teleported next to
                  | monsters. [hidden defects]
 33506 | Snake:1  | Noticed Rupert
 33637 | Lair:3   | Killed Rupert
 33909 | Snake:1  | Received a gift from Trog
 34428 | Snake:1  | Found a runed translucent door.
 34630 | Snake:1  | Found Veofem's Jewellery Shop.
 34630 | Snake:1  | Found Zefesm's Book Emporium.
 34631 | Snake:1  | Found Tuud's Jewellery Shop.
 34805 | Snake:1  | Lost mutation: You have hidden genetic defects. [potion of
                  | mutation]
 34805 | Snake:1  | Lost mutation: You are frail. (-10% HP) [potion of
                  | mutation]
 34805 | Snake:1  | Lost mutation: You passively map a small area around you.
                  | [potion of mutation]
 34805 | Snake:1  | Gained mutation: You are partially covered in iridescent
                  | scales. (AC +2) [potion of mutation]
 34805 | Snake:1  | Lost mutation: You are occasionally teleported next to
                  | monsters. [potion of mutation]
 34918 | Snake:1  | Upgraded the game from 0.30-a0-341-g682706514a to
                  | 0.30-a0-352-g1e81539c98
 35439 | Snake:2  | Noticed Vashnia
 35465 | Snake:2  | Killed Vashnia
 35618 | Snake:2  | Identified the +1 trident of the Dead {vorpal, rCorr Int-5
                  | Dex+5}
 36545 | Snake:3  | Found Piowouq's Antique Weapon Boutique.
 36550 | Snake:3  | Found Gaty's General Store.
 36836 | Snake:3  | Received a gift from Trog
 37774 | Snake:3  | Bought a twisted battleaxe for 310 gold pieces
 37774 | Snake:3  | Identified the +3 battleaxe of Wakhlirph {flame, rElec
                  | MP+9} (You bought it in a shop on level 3 of the Snake Pit)
 37792 | Snake:4  | Entered Level 4 of the Snake Pit
 38628 | Snake:4  | Identified the +8 broad axe of the Vanishing Princes
                  | {flame, Fly Dex-5 SInv} (Trog gifted it to you on level 4
                  | of the Snake Pit)
 38628 | Snake:4  | Received a gift from Trog
 39164 | Snake:4  | Reached XP level 18. HP: 192/192 MP: 15/15
 39361 | Snake:4  | Noticed Saint Roka
 39371 | Snake:4  | Killed Saint Roka
 40239 | Snake:4  | Received a gift from Trog
 40427 | Snake:4  | Got a serpentine rune of Zot
 40717 | Vaults:1 | Entered Level 1 of the Vaults
 40717 | Vaults:1 | Found Iwnec's Armour Shoppe.
 41440 | Vaults:1 | Found Silarphau's Jewellery Shop.
 41727 | Vaults:1 | Found Meup's Antique Armour Shoppe.
 41733 | Vaults:1 | Bought a distressingly furry plate armour for 644 gold
                  | pieces
 41733 | Vaults:1 | Identified the +3 plate armour of Makhleb's Benevolence
                  | {rElec Dex+3} (You bought it in a shop on level 1 of the
                  | Vaults)
 42234 | Vaults:1 | Found Duzymec's Antique Weapon Shop.
 42355 | Vaults:1 | Found Fuinaaz's Jewellery Boutique.
 42601 | Vaults:2 | Received a gift from Trog
 42846 | Vaults:2 | Reached XP level 19. HP: 94/205 MP: 16/16
 44217 | Vaults:2 | Found a runed translucent door.
 44217 | Vaults:2 | Noticed Esuss's ghost (veteran DsNe)
 44334 | Vaults:2 | Received a gift from Trog
 44871 | Vaults:2 | Found a staircase to the Crypt.
 44871 | Vaults:2 | Found a basalt altar of Yredelemnul.
 44871 | Vaults:2 | Found an ancient bone altar of Kikubaaqudgha.
 45171 | Vaults:2 | Upgraded the game from 0.30-a0-352-g1e81539c98 to
                  | 0.30-a0-364-gf6b3ef1049
 45171 | Vaults:2 | Upgraded the game from 0.30-a0-364-gf6b3ef1049 to
                  | 0.30-a0-365-ge7f957f1db
 45452 | Snake:1  | Bought the ring "Rucuif" {rC++ MP+9 AC+4} for 1032 gold
                  | pieces
 45868 | Vaults:3 | Reached skill level 27 in Fighting
 46868 | Vaults:3 | Found Vuma's Book Emporium.
 47187 | Vaults:3 | Found a huge runed gate.
 47188 | Vaults:3 | Found a huge runed gate.
 47188 | Vaults:3 | Found a huge runed gate.
 47188 | Vaults:3 | Found a huge runed gate.
 47189 | Vaults:3 | Found a huge runed gate.
 47189 | Vaults:3 | Found a huge runed gate.
 47189 | Vaults:3 | Found a huge runed gate.
 47189 | Vaults:3 | Found a huge runed gate.
 47190 | Vaults:3 | Found a huge runed gate.
 47190 | Vaults:3 | Found a huge runed gate.
 47190 | Vaults:3 | Found a huge runed gate.
 47190 | Vaults:3 | Found a huge runed gate.
 47190 | Vaults:3 | Found a huge runed gate.
 47191 | Vaults:3 | Found a huge runed gate.
 47192 | Vaults:3 | Found a huge runed gate.
 47193 | Vaults:3 | Found a huge runed gate.
 47194 | Vaults:3 | Found a huge runed gate.
 47202 | Vaults:3 | Found a huge runed gate.
 47202 | Vaults:3 | Found a huge runed gate.
 47202 | Vaults:3 | Found a huge runed gate.
 47202 | Vaults:3 | Found a huge runed gate.
 47202 | Vaults:3 | Found a huge runed gate.
 47202 | Vaults:3 | Found a huge runed gate.
 47202 | Vaults:3 | Found a huge runed gate.
 47206 | Vaults:3 | Found a huge runed gate.
 47207 | Vaults:3 | Found a huge runed gate.
 47215 | Vaults:3 | Found a huge runed gate.
 47215 | Vaults:3 | Found a huge runed gate.
 47215 | Vaults:3 | Found a huge runed gate.
 47215 | Vaults:3 | Found a huge runed gate.
 47215 | Vaults:3 | Found a huge runed gate.
 47215 | Vaults:3 | Found a huge runed gate.
 47216 | Vaults:3 | Found a huge runed gate.
 47284 | Vaults:3 | Found a huge runed gate.
 47285 | Vaults:3 | Found a huge runed gate.
 47293 | Vaults:3 | Found a huge runed gate.
 47421 | Vaults:3 | Identified the +9 dagger "Plog" {flame, rF+}
 48050 | Vaults:3 | Received a gift from Trog
 48246 | Vaults:3 | Reached XP level 20. HP: 184/211 MP: 17/17
 48343 | Vaults:3 | Reached skill level 15 in Dodging
 48746 | Vaults:4 | Noticed Xtahua
 48882 | Vaults:3 | Killed Xtahua
 49333 | Vaults:4 | Identified the +5 shortbow of Understanding {freeze, rCorr
                  | Str+6}
 49568 | Vaults:4 | Found Nadypl Bill's Antique Weapon Shoppe.
 50269 | Vaults:4 | Reached skill level 10 in Evocations
 50951 | Vaults:4 | Upgraded the game from 0.30-a0-365-ge7f957f1db to
                  | 0.30-a0-415-g685d318daa
 51308 | Elf:1    | Entered Level 1 of the Elven Halls
 51384 | Elf:1    | Received a gift from Trog
 51754 | Elf:1    | Found Wakaum Sacsa's Weapon Shop.
 51906 | Elf:1    | Paralysed by an air elemental for 1 turns
 52334 | Elf:2    | Found a crumbling gateway.
 52348 | Desolati | Entered the Desolation of Salt
 52624 | Desolati | Received a gift from Trog
 52774 | Desolati | Identified the +8 halberd of Corruption {drain, Int+3
                  | Dex+2}
 52797 | Desolati | Identified the ring "Defiuqu" {rPois rF+ rC+}
 52806 | Desolati | Identified the ring of Eternal Night {Ice Dex+3}
 52825 | Desolati | Reached XP level 21. HP: 215/224 MP: 8/17
 53719 | Elf:2    | Paralysed by an air elemental for 1 turns
 53919 | Elf:2    | Found a runed translucent gate.
 53919 | Elf:2    | Found a runed translucent gate.
 53919 | Elf:2    | Found a runed translucent gate.
 54177 | Elf:3    | Entered Level 3 of the Elven Halls
 54178 | Elf:3    | Found a runed translucent gate.
 54184 | Elf:3    | Found a runed translucent gate.
 54185 | Elf:3    | Found a runed translucent gate.
 54187 | Elf:3    | Received a gift from Trog
 54188 | Elf:3    | Noticed Bnni's ghost (veteran FoFi)
 54399 | Elf:3    | Upgraded the game from 0.30-a0-415-g685d318daa to
                  | 0.30-a0-424-g7412bad402
 54453 | Elf:3    | Found a viscous altar of Jiyva.
 54575 | Elf:3    | Killed Bnni's ghost
 54847 | Elf:3    | Identified the +0 hat "Defiaka" {-Cast rC+ rN++ Dex+2}
 55801 | Elf:3    | Found Rouhopy's Jewellery Boutique.
 57894 | Elf:3    | Identified the +1 robe "Tesmob" {rN+}
 57898 | Elf:3    | Gained mutation: Your body often deteriorates upon taking
                  | damage. [a neqoxec]
 58744 | Elf:3    | Received a gift from Trog
 59750 | Elf:3    | Identified the +9 gold dragon scales of Divine Freedom
                  | {rPois rF+ rC+ Slay+5}
 59830 | Elf:3    | Identified the +1 hand axe of Income {venom, *Corrode rElec
                  | Str-5 Dex+8}
 59869 | Elf:3    | Identified the +7 long sword "Qined" {holy, rElec Will-
                  | MP+9 Str+2}
 60502 | Depths:1 | Entered Level 1 of the Depths
 61699 | Depths:1 | Found a gateway to Hell.
 61705 | Depths:1 | Found a one-way gate leading to the halls of Pandemonium.
 62267 | Depths:2 | Found Pafone's Weapon Shop.
 62680 | Depths:2 | Noticed an ancient lich
 62684 | Depths:2 | Found a one-way gateway to a ziggurat.
 62684 | Depths:2 | Noticed an ancient lich
 62711 | Depths:2 | Received a gift from Trog
 62783 | Depths:2 | Reached XP level 22. HP: 212/233 MP: 18/18
 62835 | Depths:2 | Noticed a juggernaut
 62862 | Depths:2 | Killed a juggernaut
 65199 | Vaults:1 | Bought the ring of Tighap Kein {rElec rPois AC+4 Stlth+}
                  | for 1197 gold pieces
 65452 | Depths:2 | Received a gift from Trog
 65453 | Depths:2 | Reached skill level 15 in Evocations
 66657 | Depths:3 | Found a white marble altar of Elyvilon.
 66735 | Depths:3 | You are sucked into a shaft and drop 1 floor!
 66735 | Depths:4 | Entered Level 4 of the Depths
 68039 | Depths:4 | Found Ywuq's Elemental Accessories.
 68143 | Depths:4 | Found Fuxu's Book Emporium.
 68347 | Depths:4 | Received a gift from Trog
 68881 | Depths:4 | Found a gate to the Realm of Zot.
 69075 | Depths:4 | Noticed a golden dragon
 69082 | Depths:4 | Killed a golden dragon
 69166 | Depths:4 | Noticed a golden dragon
 69177 | Depths:3 | Killed a golden dragon
 69350 | Depths:4 | Found an ornate altar of the Wu Jian Council.
 69770 | Vaults:5 | Entered Level 5 of the Vaults
 69840 | Vaults:5 | Noticed a golden dragon
 69853 | Vaults:4 | Reached XP level 23. HP: 160/240 MP: 19/19
 70665 | Vaults:5 | Noticed a dread lich
 70962 | Vaults:4 | Killed a dread lich
 71099 | Vaults:4 | Received a gift from Trog
 71261 | Vaults:5 | Noticed an ancient lich
 71415 | Vaults:5 | Noticed a dread lich
 71752 | Vaults:5 | Identified the +4 scimitar of Ywun {holy, Drain rElec rPois
                  | Str+6}
 71769 | Vaults:4 | Killed a dread lich
 71857 | Vaults:4 | Reached skill level 15 in Shields
 71956 | Vaults:5 | Noticed an ancient lich
 72178 | Vaults:4 | Killed an ancient lich
 72181 | Vaults:4 | Killed an ancient lich
 72512 | Vaults:4 | Received a gift from Trog
 73308 | Vaults:5 | Identified the +8 broad axe "Giantbane" {vorpal, *Slow
                  | Int+7 Stlth+}
 73893 | Vaults:5 | Received a gift from Trog
 74600 | Vaults:5 | Identified the +8 demon whip of the Leaping Boar {elec,
                  | *Noise rN++ rCorr}
 74652 | Vaults:5 | Found Bumaphuh's Distillery.
 74659 | Vaults:5 | Bought a potion of heal wounds for 95 gold pieces
 74659 | Vaults:5 | Bought a potion of haste for 190 gold pieces
 75244 | Vaults:5 | Identified the +1 scale mail "Ympouc" {Will- rCorr Str+6}
 75465 | Vaults:5 | Identified the +1 robe "Lolaesh" {rN+}
 75581 | Vaults:5 | Got a silver rune of Zot
 76075 | Zot:1    | Entered Level 1 of the Realm of Zot
 76646 | Zot:1    | Reached XP level 24. HP: 247/249 MP: 19/19
 77824 | Zot:1    | Received a gift from Trog
 78259 | Zot:1    | You are sucked into a shaft and drop 1 floor!
 80024 | Zot:1    | Upgraded the game from 0.30-a0-424-g7412bad402 to
                  | 0.30-a0-457-g4b7bca3bfa
 80737 | Zot:2    | Found the +10 morningstar "Eos" {elec, Halo rElec}
 80738 | Zot:2    | Found a transporter.
 80741 | Zot:2    | Noticed Biehaig's ghost (legendary MiFi)
 80765 | Zot:2    | Upgraded the game from 0.30-a0-457-g4b7bca3bfa to
                  | 0.30-a0-459-g9104f0fc43
 80765 | Zot:2    | Upgraded the game from 0.30-a0-459-g9104f0fc43 to
                  | 0.30-a0-469-g84de5afbc5
 80765 | Zot:2    | Upgraded the game from 0.30-a0-469-g84de5afbc5 to
                  | 0.30-a0-779-g7971cf19c3
 80765 | Zot:2    | Upgraded the game from 0.30-a0-779-g7971cf19c3 to
                  | 0.30-a0-879-ga8ba668304
 80836 | Zot:2    | Identified the +7 war axe "Ced Ota Soa" {flame, rC+} (Trog
                  | gifted it to you on level 2 of the Realm of Zot)
 80836 | Zot:2    | Received a gift from Trog
 81017 | Zot:2    | Found a transporter.
 81792 | Zot:3    | Upgraded the game from 0.30-a0-879-ga8ba668304 to
                  | 0.30-a0-883-g5ad918d77d
 81820 | Zot:3    | Noticed a Killer Klown
 81820 | Zot:3    | Noticed a Killer Klown
 81889 | Zot:2    | Upgraded the game from 0.30-a0-883-g5ad918d77d to
                  | 0.30-a0-949-g53dc5368d7
 82242 | Zot:3    | Noticed a Killer Klown
 82264 | Zot:3    | Killed a Killer Klown
 82395 | Zot:3    | Identified the +3 ring mail "Nux Naur" {Int+5 Dex-2}
 82642 | Zot:3    | Killed a Killer Klown
 82658 | Zot:3    | Killed a Killer Klown
 82837 | Zot:3    | Reached XP level 25. HP: 212/257 MP: 6/19
 84200 | Zot:3    | Upgraded the game from 0.30-a0-949-g53dc5368d7 to
                  | 0.31-a0-692-gf03d1854d5
 86098 | D:8      | Bought a scroll of blinking for 187 gold pieces
 86098 | D:8      | Bought a potion of heal wounds for 125 gold pieces
 86517 | Zot:4    | Identified the +3 pair of gloves of the Fiend {rF+}
 86659 | Zot:4    | Noticed an orb of fire
 86679 | Zot:4    | Gained mutation: Armour fits poorly on your strangely
                  | shaped body. [an orb of fire]
 86680 | Zot:4    | Killed an orb of fire
 87450 | Vaults:2 | Killed Esuss's ghost
 87517 | Vaults:2 | Acquired the scarf of the Teacher {+Inv, rPois Str+2 Int+5}
 87870 | Vaults:5 | Bought a potion of haste for 190 gold pieces
 87870 | Vaults:5 | Bought a potion of mutation for 152 gold pieces
 88692 | Zot:4    | Received a gift from Trog
 89201 | Zot:4    | Identified the +7 hand axe of Fuwaxud {flame, Fragile Str+6
                  | Int+4}
 90227 | Zot:5    | Entered Level 5 of the Realm of Zot
 91480 | Zot:5    | Noticed an orb of fire
 91488 | Zot:4    | Gained mutation: You have hidden genetic defects. [an orb
                  | of fire]
 91504 | Zot:4    | Killed an orb of fire
 91505 | Zot:4    | Lost mutation: Your body often deteriorates upon taking
                  | damage. [potion of mutation]
 91505 | Zot:4    | Lost mutation: You are weak. (Str -2) [potion of mutation]
 91505 | Zot:4    | Lost mutation: You have hidden genetic defects. [potion of
                  | mutation]
 91505 | Zot:4    | Lost mutation: You are partially covered in iridescent
                  | scales. (AC +2) [potion of mutation]
 91505 | Zot:4    | Gained mutation: You are partially covered in iridescent
                  | scales. (AC +2) [potion of mutation]
 91668 | Zot:5    | Noticed a Killer Klown
 91686 | Zot:4    | Killed a Killer Klown
 91720 | Zot:5    | Noticed a Killer Klown
 91737 | Zot:4    | Killed a Killer Klown
 91788 | Zot:5    | Noticed a dread lich
 91795 | Zot:5    | Noticed an orb of fire
 91857 | Zot:5    | Killed a dread lich
 91858 | Zot:5    | Reached skill level 27 in Axes
 92141 | Zot:5    | Noticed a Killer Klown
 92173 | Zot:4    | Killed a Killer Klown
 92250 | Zot:5    | Gained mutation: You occasionally lose the ability to read
                  | scrolls when taking damage. [an orb of fire]
 92251 | Zot:5    | Gained mutation: Your muscles are strong. (Str +4, Int/Dex
                  | -1) [an orb of fire]
 92269 | Zot:5    | Killed an orb of fire
 92536 | Zot:5    | Received a gift from Trog
 93282 | Zot:5    | Noticed a dread lich
 93291 | Zot:5    | Killed a dread lich
 93853 | Zot:5    | Noticed an orb of fire
 93853 | Zot:5    | Gained mutation: Your body often deteriorates upon taking
                  | damage. [an orb of fire]
 93855 | Zot:5    | Lost mutation: You possess an exceptional clarity of mind.
                  | [an orb of fire]
 93861 | Zot:5    | Gained mutation: Your muscles are very strong. (Str +8,
                  | Int/Dex -2) [an orb of fire]
 93870 | Zot:5    | Killed an orb of fire
 93889 | Zot:5    | Lost mutation: Your muscles are very strong. (Str +8,
                  | Int/Dex -2) [potion of mutation]
 93889 | Zot:5    | Lost mutation: Armour fits poorly on your strangely shaped
                  | body. [potion of mutation]
 93889 | Zot:5    | Lost mutation: Your magical capacity is low. (-10% MP)
                  | [potion of mutation]
 93889 | Zot:5    | Gained mutation: You are strong-willed. (Will+) [potion of
                  | mutation]
 93889 | Zot:5    | Gained mutation: You have sharp fingernails. [potion of
                  | mutation]
 93889 | Zot:5    | Lost mutation: You are strong-willed. (Will+) [potion of
                  | mutation]
 93889 | Zot:5    | Gained mutation: You are agile. (Dex +4, Str/Int -1)
                  | [potion of mutation]
 93918 | Zot:5    | Noticed an ancient lich
 93927 | Zot:5    | Killed an ancient lich
 93928 | Zot:5    | Reached XP level 26. HP: 262/266 MP: 7/22
 93943 | Zot:5    | Noticed an ancient lich
 93958 | Zot:5    | Killed an ancient lich
 94074 | Zot:5    | Noticed a dread lich
 94098 | Zot:5    | Killed a dread lich
 94109 | Zot:5    | Noticed an ancient lich
 94116 | Zot:5    | Noticed an ancient lich
 94122 | Zot:5    | Killed an ancient lich
 94129 | Zot:5    | Killed an ancient lich
 94701 | Zot:5    | Noticed a dread lich
 94713 | Zot:5    | Killed a dread lich
 95069 | Zot:5    | Identified the +2 arbalest of Yesterday {heavy, rF+ Int+4
                  | Stlth-}
 97508 | Zot:5    | Got the Orb of Zot
 97948 | D:9      | Noticed Opyitrofu the pandemonium lord
 98151 | D:$      | Escaped with the Orb!

Illustrated notes

Levels and vault maps discovered:
D:1:      heliophobic_arrival_glass_houses, layout_basic
D:2:      layout_rooms, nicolae_ecumenical_oubliette, uniq_crazy_yiuf_cottage
D:3:      layout_loops_ring
D:4:      layout_cave_pools, nemelex_dance_club_becter
D:5:      layout_basic, mainiacjoe_overflow_alcove_1,
          minmay_temple_entry_water_ring, serial_shops, shop,
          serial_bayou_lake_a, uniq_grinder
D:6:      layout_basic, serial_shops, nicolae_shop_advertising_works
          [nicolae_subvault_shop_adworks], uniq_pikel
D:7:      layout_basic, nicolae_uskayaw_dance_hall, lemuel_blue_sif_altar,
          enter_bailey_6
D:8:      layout_cave_pools, serial_shops, nicolae_inconvenience_store,
          uniq_erica
D:9:      layout_irregular_city, mainiacjoe_overflow_boulevard,
          kennysheep_orc_monster_closet_entryway
D:10:     layout_irregular_city, chequers_temple_overflow_minitemple,
          nicolae_ashenzari_skybound, dpeg_oklobed_lair, uniq_harold
D:11:     layout_small_grid, enter_trove_6
D:12:     layout_rooms, uniq_nergalle, uniq_azrael
D:13:     layout_basic, erik_vaults_1
D:14:     layout_rooms, serial_bayou_pond_d, uniq_louise, uniq_roxanne
D:15:     grunt_enter_depths_magical_seal, layout_long_grid,
          hangedman_abyss_or_decor_stabs, grunt_ministairs_13, drop_trap
Lair:1:   minmay_lair_oklob_chamber, layout_chaotic_city, gammafunk_ghost_grave,
          beast_lair_carwin_5, uniq_prince_ribbit2
Lair:2:   layout_misc_corridors, skrybe_swamp_entry_bodies, st_stairs_9,
          lemuel_fruit_tree, lemuel_fruit_fields, lemuel_fruit_fields,
          uniq_amaemon
Lair:3:   layout_chaotic_city, minmay_snake_entry_guardpost_small, st_stairs_6,
          serial_bayou_shore_a
Lair:4:   minmay_lair_venomous_thicket, layout_long_grid, slime_entry_1,
          chequers_serial_rivers_small_b, nicolae_quartered_pool_super,
          grunt_megastairs_1
Lair:5:   hellmonk_lair_end_abyssal_woods, layout_loops_ring,
          lemuel_oklob_altar, infiniplex_staircase_pool
Swamp:1:  layout_falls_marsh, nicolae_swamp_some_circles
Swamp:2:  layout_basic_swamp, evilmike_swamp_ruin_house_3
Swamp:3:  layout_basic_swamp, hangedman_swamp_ruin_hall
Swamp:4:  swamp_old_school, layout_basic_swamp, swamp_pool4,
          nicolae_swamp_bloodsuckers_inc, infiniplex_staircase_pool_2
Snake:1:  cheibrodos_toxic_ritual, layout_gridlike, nicolae_shop_gadgets,
          minmay_shop_grove, uniq_rupert
Snake:2:  layout_gridlike, uniq_vashnia
Snake:3:  layout_gridlike, nicolae_snake_gridmaze_swirls,
          hangedman_snake_corridor_cut, minmay_shop_star
Snake:4:  hellmonk_snake_rune_quicksilver_temple, layout_cave_town,
          serial_bayou_lagoon_a, serial_bayou_shore_b, serial_bayou_shore_b,
          uniq_saint_roka
Orc:1:    layout_diamond_mine, minmay_orc_keep
Orc:2:    st_orc_elflike, layout_diamond_mine, serial_shops, shop, basic_altar
Elf:1:    minmay_elf_arrival_summoners, layout_geoelf_octagon, serial_shops,
          nicolae_shop_behind_doors, minivault_28
Elf:2:    nicolae_elf_blades_splatter_lattice
          [nicolae_blade_entry_floor_patterns], layout_loops_cross,
          portal_desolation_entry_salt
Elf:3:    elf_hall_gauntlet_wide, layout_loops_ring, serial_shops,
          nicolae_shop_window_shopping, gammafunk_ghost_ooze
Vaults:1: vaults_room_door_ring, vaults_mumra_bighexcomb,
          nicolae_vaults_little_squares_5, vaults_room_octagon,
          hangedman_vaults_restitches, vaults_dpeg_encased_lava,
          vaults_mumra_minichess, nicolae_vaults_circle_grid_b,
          nicolae_vaults_specimen_jars, vaults_standard_mumra_x,
          nicolae_vaults_mini_display_case, layout_vaults_chaotic_city,
          serial_shops, nicolae_shop_statue_plus, shop_fountains,
          nicolae_shop_overgrown_old_shop, nicolae_shop_crystal,
          nicolae_square_shop
Vaults:2: hellmonk_ghost_happy_afterlife, ontoclasm_vaults_shuriken,
          hangedman_vaults_maws, nicolae_vaults_quartermaster, v_misc_30,
          nicolae_vaults_little_squares_5, v_misc_11,
          minmay_crypt_entry_necro_gods, v_alt_pattern_2,
          layout_vaults_quadrants
Vaults:3: ontoclasm_vaults_pinch, hangedman_vaults_unwind, v_rooms_4,
          door_vault, nicolae_vaults_ninety_degrees, nicolae_vaults_triangles,
          grunt_vaults_focal, ontoclasm_vaults_idyll, v_alt_pattern_1,
          vaults_dpeg_diagonal, vaults_room_hallway, nicolae_vaults_rhombus_5,
          hangedman_vaults_nails, v_pattern_3, layout_vaults_big_cross,
          serial_shops, nicolae_shop_behind_doors
Vaults:4: nicolae_vaults_network_s, v_rooms_6, vaults_room_hallway,
          hangedman_vaults_slice, vaults_dpeg_doors, v_alt_pattern_3,
          nicolae_vaults_what_the_h, st_lines, v_pattern_5, v_misc_31,
          vaults_room_hallway, ontoclasm_vaults_ring_small,
          nicolae_vaults_asterisk, vaults_room_pools,
          nicolae_vaults_little_squares_1, layout_vaults_ring, serial_shops,
          shop, serial_glass, uniq_xtahua
Vaults:5: serial_shops
Depths:1: layout_gridville, grunt_mini_vestibule, kennysheep_minor_cross,
          pan_entry, grunt_decor_arrowhead, st_stairs_8, bh_walls_and_bars,
          serial_bayou_shore_b
Depths:2: grunt_deathspiral_small, layout_basic, enter_ziggurat_c, hell_entry,
          rand_demon_pan_entry_3, serial_shops, shop
Depths:3: cheibrodos_tormentor_scu, layout_basic, abyss_entry, pf_coc_iceberg,
          elyvilon_altar_5
Depths:4: grunt_twist_and_shout, layout_honeycomb, abyss_entry,
          pdpol_wu_jian_five_deadly_venoms, pan_entry,
          pf_vacation_house_of_asmodeus, serial_shops, shop,
          nicolae_elemental_shop
Zot:1:    kennysheep_bubbly, layout_twisted_circle
Zot:2:    lemuel_acid_trip, layout_concentric_octagons, gammafunk_ghost_arena,
          st_stairs_13
Zot:3:    grunt_zot_stairs_faceoff, layout_cathedral_of_symmetry
Zot:4:    layout_concentric_octagons
Zot:5:    layout_gridlike, grunt_ministairs_4

Skill      XL: |  1  2  3  4  5  6  7  8  9 10 11 12 13 14 15 16 17 18 19 20 21 22 23 24 25 26 |
---------------+-------------------------------------------------------------------------------+-----
Fighting       | 4 5 6 7 10 11 13 16 18 20 22 24 26 27 | 27.0
Axes           | 4 5 7 8 10 13 14 16 17 19 21 22 24 27 | 27.0
Armour         | 3 5 6 9 11 14 15 18 21 23 24 25 26 | 26.8
Dodging        | 3 5 8 10 13 14 15 16 18 20 21 | 21.0
Shields        | 1 2 3 5 10 11 13 15 | 15.0
Ranged Weapons | 1 3 4 6 7 8 9 |  9.0
Evocations     | 5 6 10 12 15 17 18 | 18.0

Action                     |  1- 3 |  4- 6 |  7- 9 | 10-12 | 13-15 | 16-18 | 19-21 | 22-24 | 25-27 || total
---------------------------+-------+-------+-------+-------+-------+-------+-------+-------+-------++-------
  Melee: Hand axe          |    75 |    56 |       |       |       |       |       |       |       ||   131
         Headbutt          |     9 |    11 |    19 |    59 |   240 |   309 |   375 |   523 |   281 ||  1826
         Battleaxe         |       |    34 |   116 |   200 |   245 |       |       |    11 |       ||   606
         Flail             |       |       |       |       |    30 |       |       |       |       ||    30
         Broad axe         |       |       |       |       |   322 |   401 |  1251 |  1491 |   767 ||  4232
         War axe           |       |       |       |       |   310 |   701 |       |       |       ||  1011
   Fire: Sling             |     6 |     5 |    74 |   122 |       |       |    11 |       |       ||   218
         Shortbow          |       |       |       |    32 |       |     7 |       |       |       ||    39
         Arbalest          |       |       |       |       |       |    11 |       |       |       ||    11
  Throw: Dart              |       |       |       |       |       |       |     7 |     1 |     1 ||     9
 Invoke: Trog's Hand       |       |       |     1 |       |       |       |     1 |     2 |       ||     4
         Brothers in Arms  |       |       |       |       |       |     1 |       |     1 |       ||     2
         Berserk           |       |       |       |       |       |     1 |       |       |       ||     1
  Evoke: Wand              |       |       |       |       |     7 |     3 |    11 |    10 |    40 ||    71
         Box of beasts     |       |       |       |       |     1 |       |     2 |       |       ||     3
         Tin of tremorston |       |       |       |       |       |       |       |     5 |       ||     5
         Condenser vane    |       |       |       |       |       |       |       |     1 |       ||     1
    Use: Scroll            |       |    17 |       |     7 |     8 |     4 |     5 |     9 |     9 ||    59
         Potion            |       |       |       |     1 |     2 |     6 |     1 |     2 |     4 ||    16
   Stab: Sleeping          |       |     1 |     2 |     1 |     3 |       |       |       |       ||     7
         Confused          |       |       |       |       |       |     1 |       |       |       ||     1
         Invisible         |       |       |       |       |       |       |     1 |     2 |     3 ||     6
         Distracted        |       |       |       |       |       |       |       |     1 |       ||     1
 Armour: Ring mail         |    26 |     2 |       |       |       |       |       |       |       ||    28
         Animal skin       |     1 |       |       |       |       |       |       |       |       ||     1
         Plate armour      |       |    22 |       |       |       |       |       |       |       ||    22
         Acid dragon scale |       |    17 |    65 |   119 |   285 |   397 |   315 |       |       ||  1198
         Gold dragon scale |       |       |       |       |       |       |    99 |  1012 |   516 ||  1627
  Dodge: Dodged            |    41 |    31 |    87 |   264 |   531 |   763 |   680 |   634 |   217 ||  3248
         Repelled          |       |       |     3 |     5 |     1 |    33 |    16 |    37 |     4 ||    99
  Block: Buckler           |     5 |    17 |       |       |   285 |   488 |   499 |  1081 |   379 ||  2754
         Reflection        |       |       |       |       |       |       |     6 |    28 |     3 ||    37
         Other             |       |       |       |       |       |       |       |     6 |       ||     6

Table legend: (Time is in decaauts)
 A = Elapsed time spent in this place.
 B = Non-inter-level travel time spent in this place.
 C = Inter-level travel time spent in this place.
 D = Time resting spent in this place.
 E = Time spent auto-exploring this place.
 F = Levels seen in this place.
 G = Mean time per level.
                   A        B        C        D        E       F      G
               +--------+--------+--------+--------+--------+-----+--------+
         Total |  97297 |  86052 |  11245 |  32897 |  37790 |  49 | 1985.7 |
       Dungeon |  19348 |  15688 |   3660 |   2926 |  10121 |  15 | 1289.9 |
          Lair |   8871 |   7541 |   1330 |   2453 |   3893 |   5 | 1774.2 |
         Swamp |   5224 |   5002 |    222 |   1612 |   2641 |   4 | 1306.0 |
     Snake Pit |   7076 |   6352 |    724 |   2103 |   2983 |   4 | 1769.0 |
  Orcish Mines |   2524 |   2210 |    314 |    746 |   1151 |   2 | 1262.0 |
   Elven Halls |   7439 |   7036 |    403 |   4400 |   1219 |   3 | 2479.7 |
        Vaults |  17045 |  15174 |   1871 |   7111 |   5737 |   5 | 3409.0 |
        Depths |   9348 |   7893 |   1455 |   3733 |   2555 |   4 | 2337.0 |
           Zot |  17124 |  15861 |   1263 |   6377 |   6647 |   5 | 3424.8 |
        Bailey |   2120 |   2120 |      0 |   1266 |    288 |   1 | 2120.0 |
    Desolation |   1175 |   1175 |      0 |    167 |    552 |   1 | 1175.0 |
               +--------+--------+--------+--------+--------+-----+--------+

Top non-repeatable levels by time:
   Elf:3: 5470 daAuts
Vaults:4: 5253 daAuts
   Zot:5: 4978 daAuts
   Zot:3: 4579 daAuts
Vaults:3: 3394 daAuts
Vaults:2: 3103 daAuts
Depths:2: 2979 daAuts
   Zot:2: 2933 daAuts
Vaults:1: 2684 daAuts
 Snake:4: 2618 daAuts
Vaults:5: 2609 daAuts
Depths:4: 2604 daAuts
    D:15: 2449 daAuts
  Lair:5: 2433 daAuts
   Zot:1: 2426 daAuts
